 Dungeon Crawl Stone Soup version 0.23.2-40-g277498a001 (webtiles) character file.

Game seed: 10989095567218178724

6234 Glalom the Basher (level 10, -3/88 HPs)
             Began as a Minotaur Berserker on Sept 24, 2019.
             Was a High Priest of Trog.
             Slain by Snorg (13 damage)
             ... on level 10 of the Dungeon.
             The game lasted 00:29:40 (7437 turns).

Glalom the Basher (Minotaur Berserker)              Turns: 7437, Time: 00:29:41

Health: -3/88      AC: 12    Str: 25    XL:     10   Next: 62%
Magic:  9/9        EV: 10    Int:  4    God:    Trog [*****.]
Gold:   352        SH: 10    Dex: 14    Spells: 9/9 levels left

rFire    . . .     SeeInvis .   G - +1 morningstar
rCold    . . .     Gourm    .   q - +0 shield
rNeg     . . .     Faith    .   O - +1 scale mail of the Robin {Str+4}
rPois    +         Spirit   .   (helmet restricted)
rElec    .         Reflect  .   (no cloak)
rCorr    .         Harm     .   (no gloves)
MR       +++..                  p - +2 pair of boots
Stlth    ..........             (no amulet)
HPRegen  1.24/turn              y - ring of poison resistance
MPRegen  0.11/turn              l - ring of protection from magic

@: regenerating
A: retaliatory headbutt, horns 2
a: Berserk, Trog's Hand, Brothers in Arms, Renounce Religion


You were on level 10 of the Dungeon.
You worshipped Trog.
Trog was extremely pleased with you.
You were near starving.

You visited 1 branch of the dungeon, and saw 10 of its levels.
You also visited: Ossuary.

You collected 442 gold pieces.
You spent 90 gold pieces at shops.

Inventory:

Hand Weapons
 a - a +0 mace
 i - a +0 whip
   (You found it on level 1 of the Dungeon)
 G - a +1 morningstar (weapon)
   (You found it on level 5 of the Dungeon)
Missiles
 h - 2 throwing nets (quivered) {!f}
Armour
 b - a +0 animal skin
 d - a +0 scale mail
   (You found it on level 1 of the Dungeon)
 p - a +2 pair of boots (worn)
   (You found it on level 2 of the Dungeon)
 q - a +0 shield (worn)
   (You found it on level 2 of the Dungeon)
 z - a +0 plate armour
   (You found it on level 3 of the Dungeon)
 B - a +3 ring mail
   (You found it on level 4 of the Dungeon)
 H - a +1 chain mail of cold resistance
   (You took it off Duvessa on level 5 of the Dungeon)
 O - the +1 scale mail of the Robin (worn) {Str+4}
   (You found it on level 6 of the Dungeon)

   It affects your strength (+4).
Jewellery
 l - a ring of protection from magic (right hand)
   (You found it on level 3 of the Dungeon)
 o - an uncursed ring of protection from cold
   (You found it on level 5 of the Dungeon)
 y - a ring of poison resistance (left hand)
   (You found it on level 2 of the Dungeon)
Wands
 t - a wand of flame (10)
   (You found it on level 3 of the Dungeon)
 v - a wand of digging (3)
   (You took it off Duvessa on level 5 of the Dungeon)
Scrolls
 e - 5 scrolls of teleportation {@r4}
 f - 2 scrolls of enchant armour
 g - a scroll of enchant weapon
 k - a scroll of blinking
 m - 5 scrolls of random uselessness
 n - a scroll of fog
 u - 4 scrolls of remove curse {@r2}
 A - a scroll of fear {unknown}
 I - a scroll of acquirement {unknown}
 J - a scroll of amnesia {unknown}
 L - 3 scrolls of identify {@r1}
 Q - a scroll of immolation {unknown}
 S - a scroll of silence {unknown}
Potions
 j - a potion of resistance {unknown}
 r - 4 potions of invisibility
 s - 5 potions of curing {@q1}
 w - a potion of heal wounds {@q2}
 x - 3 potions of might
 C - a potion of agility {unknown}
 D - a potion of ambrosia {unknown}
 E - a potion of haste {unknown}
 F - 2 potions of flight {unknown}
 K - a potion of cancellation {unknown}
 M - 3 potions of brilliance
 N - a potion of degeneration {unknown}
 P - a potion of berserk rage {unknown}
 R - 2 potions of lignification {unknown}
Comestibles
 c - 8 rations {!d}


   Skills:
 - Level 8.0 Fighting
 * Level 14.8 Maces & Flails
 - Level 8.0 Armour
 - Level 3.0 Dodging
 - Level 5.0 Shields


You had 9 spell levels left.
You didn't know any spells.
Your spell library was empty.

Dungeon Overview and Level Annotations

Branches:
Dungeon (11/15)            Temple (0/1) D:7            Lair (0/6) D:8
    Orc: D:9-12

Altars:
Elyvilon
Hepliaklqana
Nemelex Xobeh
Ru
Trog
Wu Jian
Yredelemnul
Zin

Shops:
D:7 }

Annotations:
D:10 Snorg


Innate Abilities, Weirdness & Mutations

You reflexively headbutt those who attack you in melee.
You have a pair of horns on your head.


Message History

Your headbutt misses the steam dragon.
You are engulfed in a cloud of scalding steam.
You block the steam dragon's attack. The steam dragon misses you.
You impale the steam dragon!! You headbutt the steam dragon.
You kill the steam dragon!
Trog accepts your kill.
You are engulfed in a cloud of scalding steam.
You start resting.
You feel yourself speed up.
You are feeling very hungry.
There is a stone staircase leading up here.
You climb upwards.
Snorg shouts!
The hound barks!
The soldier ant twitches its antennae in your direction.
Found four items.
There is a stone staircase leading down here.
Unknown command.
A worker ant zombie comes into view.
Snorg goes berserk!
The hound misses you. You furiously retaliate!
You headbutt the hound!
Snorg rages.
The hound bites you.
The hound pauses to sniff the ground.
Snorg barely misses you. Snorg claws you. Snorg claws you!
The hound closely misses you. Snorg bites you! Snorg claws you!
* * * LOW HITPOINT WARNING * * *
Snorg claws you!
* * * LOW HITPOINT WARNING * * *
Your skin crawls.
You feel resistant to hostile enchantments.
You feel somewhat more hungry. Snorg bites you but does no damage.
You block Snorg's attack. x2
Your ogre goes berserk!
You are near starving!
Snorg bites you.
* * * LOW HITPOINT WARNING * * *
Snorg claws you but does no damage. You block Snorg's attack. Snorg bites you!!
* * * LOW HITPOINT WARNING * * *
Snorg claws you!
* * * LOW HITPOINT WARNING * * *
Snorg closely misses you.
Your ogre hits Snorg with a +0 giant spiked club!!!
The soldier ant stings your ogre.
Your ogre is poisoned.
The soldier ant poisons your ogre!
You feel much better. Snorg bites you!!
* * * LOW HITPOINT WARNING * * *
You block Snorg's attack. Snorg claws you!
You die...

# #... .##
..#.#...#..#. ...#
............. ....
#........... ####..#
##..........###.@...#
#............!#T##.##
............ZhO.# #
#...........a###
#...........##
###....#.####
#.%>.#...
#..........#
#.....$..?##


You could see Snorg (berserk), a soldier ant, a hound, a worker ant zombie and a
friendly ogre (berserk).

Vanquished Creatures
  A two-headed ogre (D:7)
  An unseen horror (D:11)
  A centaur zombie (D:11)
  A troll (D:7)
  A hippogriff (D:8)
  A wraith (D:11)
  A yak (D:8)
  A steam dragon (D:11)
  Menkaure (D:7)
  A warg (D:11)
  An acid dragon (D:11)
  5 porcupines (D:8)
  Duvessa (D:5)
  A sky beast (D:6)
  An orc warrior (D:7)
  A black bear (D:8)
  2 phantoms
  A necrophage (D:6)
  A centaur (D:5)
  3 ogres
  A big kobold (D:8)
  5 bullfrogs
  Dowan (D:5)
  4 water moccasin zombies (Ossuary)
  2 scorpions
  6 killer bees (D:8)
  2 howler monkeys (D:7)
  3 crimson imps
  A quasit (D:11)
  A hound (D:4)
  6 orc priests
  7 orc wizards
  An iguana (D:5)
  2 worker ants (D:5)
  2 big kobold zombies (Ossuary)
  2 mummies (Ossuary)
  4 gnolls (D:8)
  8 adders
  2 shadow imps
  An ooze (D:3)
  4 adder zombies
  2 adder skeletons
  2 worms (D:2)
  A dart slug (D:1)
  5 leopard geckos
  28 orcs
  5 giant cockroaches
  8 goblins
  14 hobgoblins
  7 jackals
  2 quokkas (D:2)
  A ball python skeleton (D:5)
  10 bats
  7 frilled lizards
  A giant cockroach zombie (D:5)
  5 hobgoblin zombies (Ossuary)
  A jackal skeleton (D:8)
  A jackal zombie (D:6)
  8 kobolds
  6 kobold zombies (Ossuary)
  A leopard gecko skeleton (D:4)
  7 orc zombies (Ossuary)
  8 rats
222 creatures vanquished.

Vanquished Creatures (others)
  27 fungi (D:8)
  11 plants (D:8)
  5 toadstools (D:1)
43 creatures vanquished.

Grand Total: 265 creatures vanquished

Notes
Turn   | Place    | Note
-------+----------+-------------------------------------------
     0 | D:1      | Glalom the Minotaur Berserker began the quest for the Orb.
     0 | D:1      | Reached XP level 1. HP: 19/19 MP: 0/0
   150 | D:1      | Reached skill level 4 in Maces & Flails
   158 | D:1      | Reached XP level 2. HP: 27/27 MP: 1/1
   956 | D:2      | Reached XP level 3. HP: 33/33 MP: 2/2
  1049 | D:2      | Reached ** piety under Trog
  1427 | D:2      | Reached XP level 4. HP: 31/40 MP: 3/3
  1730 | D:2      | Found a sparkling altar of Nemelex Xobeh.
  1927 | D:3      | Reached skill level 1 in Shields
  1934 | D:3      | Reached skill level 5 in Maces & Flails
  2029 | D:3      | Reached *** piety under Trog
  2043 | D:3      | Reached XP level 5. HP: 45/47 MP: 4/4
  2637 | D:4      | Found a sacrificial altar of Ru.
  2700 | D:4      | Noticed an ogre
  2718 | D:4      | Killed an ogre
  2718 | D:4      | Reached skill level 5 in Fighting
  2718 | D:4      | Reached skill level 6 in Maces & Flails
  2718 | D:4      | Reached XP level 6. HP: 56/56 MP: 5/5
  2833 | D:4      | Found an ornate altar of the Wu Jian Council.
  2834 | D:4      | Found a bloodstained altar of Trog.
  3287 | D:4      | Found a white marble altar of Elyvilon.
  3433 | D:5      | Entered Level 5 of the Dungeon
  3449 | D:5      | Reached skill level 7 in Maces & Flails
  3459 | D:5      | Reached XP level 7. HP: 46/61 MP: 6/6
  3633 | D:5      | Noticed Dowan
  3655 | D:5      | Killed Dowan
  3655 | D:5      | Noticed Duvessa
  3664 | D:5      | Killed Duvessa
  3664 | D:5      | Reached skill level 8 in Maces & Flails
  4458 | D:6      | Reached skill level 5 in Armour
  4458 | D:6      | Reached XP level 8. HP: 68/68 MP: 7/7
  4460 | D:6      | Reached **** piety under Trog
  4484 | D:6      | Found Zin's Purification Station.
  4484 | D:6      | Found a glowing silver altar of Zin.
  4488 | D:6      | Bought a potion of curing for 90 gold pieces
  4500 | D:6      | Reached skill level 5 in Shields
  4586 | D:6      | Got a transparent scale mail
  4587 | D:6      | Identified the +1 scale mail of the Robin {Str+4} (You
                  | found it on level 6 of the Dungeon)
  4637 | D:6      | Reached skill level 9 in Maces & Flails
  5118 | D:7      | Noticed a troll
  5132 | D:7      | Killed a troll
  5132 | D:7      | Reached skill level 10 in Maces & Flails
  5195 | D:7      | Found Tobrihel's Gadget Boutique.
  5314 | D:7      | Noticed a two-headed ogre
  5321 | D:7      | Killed a two-headed ogre
  5321 | D:7      | Reached XP level 9. HP: 47/78 MP: 8/8
  5337 | D:7      | Reached skill level 11 in Maces & Flails
  5337 | D:7      | Noticed Menkaure
  5349 | D:7      | Found a hazy altar of Hepliaklqana.
  5357 | D:7      | Killed Menkaure
  5658 | D:7      | Found a staircase to the Ecumenical Temple.
  5982 | D:8      | Noticed a glowing orange brain
  6089 | D:8      | Found a sand-covered staircase.
  6095 | Ossuary  | Entered an ossuary
  6172 | Ossuary  | Reached ***** piety under Trog
  6297 | D:8      | Reached skill level 12 in Maces & Flails
  6305 | D:8      | Found a basalt altar of Yredelemnul.
  6549 | D:8      | Reached XP level 10. HP: 61/88 MP: 9/9
  6575 | D:8      | Reached skill level 13 in Maces & Flails
  6756 | D:8      | Found a staircase to the Lair.
  6775 | D:8      | You fall through a shaft for 3 floors!
  6987 | D:11     | Killed an unseen horror
  6987 | D:11     | Reached skill level 14 in Maces & Flails
  7425 | D:10     | Entered Level 10 of the Dungeon
  7425 | D:10     | Noticed Snorg
  7437 | D:10     | Slain by Snorg

Skill      XL: |  1  2  3  4  5  6  7  8  9 10 |
---------------+-------------------------------+-----
Maces & Flails | 4 5 6 7 8 10 12 14 | 14.8
Fighting       | 4 5 6 8 |  8.0
Armour         | 3 5 6 8 |  8.0
Shields        | 1 2 3 4 5 |  5.0
Dodging        | 3 |  3.0

Action                   |  1- 3 |  4- 6 |  7- 9 | 10-12 || total
-------------------------+-------+-------+-------+-------++-------
Melee: Mace              |    14 |       |       |       ||    14
       Headbutt          |    20 |    38 |    66 |    25 ||   149
       Whip              |    86 |   170 |    56 |       ||   312
       Morningstar       |       |       |   266 |   106 ||   372
Invok: Berserk           |     1 |     1 |     4 |     2 ||     8
       Trog's Hand       |       |       |       |     3 ||     3
       Brothers in Arms  |       |       |       |     1 ||     1
  Use: Scroll            |       |     3 |    16 |       ||    19
       Potion            |       |       |       |     1 ||     1
  Eat: Chunk             |     3 |     3 |    12 |     1 ||    19
       Ration            |       |     1 |     1 |     1 ||     3
Armor: Scale mail        |    31 |    17 |    82 |    25 ||   155
       Animal skin       |     1 |       |       |       ||     1
       Plate armour      |       |    11 |       |       ||    11
       Ring mail         |       |    21 |    24 |       ||    45
Dodge: Dodged            |    44 |    42 |    80 |    23 ||   189
Block: Shield            |    19 |    62 |   127 |    51 ||   259
